 Dungeon Sprint DCSS version 0.28-a0-938-gbc3f381ebc (webtiles) character file.

Game seed: 2192986350265612523

1000000 emperorscorpion the Eclecticist (level 11, -33/65 HPs)
             Began as a Djinni Hedge Wizard on Nov 28, 2021.
             Was a Follower of Makhleb.
             Annihilated by a meat berserker (43 damage)
             ... in the Dungeon (Sprint VIII: "Arena of Blood").
             The game lasted 00:00:20 (10 turns).

emperorscorpion the Eclecticist (Djinni Hedge Wizard) Turns: 10, Time: 00:00:21

Health: -33/65     AC:  2    Str:  9    XL:     11   Next: 25%
Gold:   0          EV: 18    Int: 16    God:    Makhleb [*.....] SH:  0 Dex: 16

rFire   + + .      SeeInvis .   i - +∞ Axe of Woe
rCold   x . .      Faith    .   (shield currently unavailable)
rNeg    . . .      Spirit   .   b - +0 robe
rPois   ∞          Reflect  .   c - +0 hat
rElec   .          Harm     .   (no cloak)
rCorr   .          Rampage  .   (no gloves)
Will    +....      NoTele   +   (boots unavailable)
Stlth   ++++......              (no amulet)
HPRegen 0.20/turn               (no ring)
MPRegen 0.00/turn               (no ring)

@: flying
A: sickness immunity, fire resistance 2, cold vulnerability 1, float, innate
caster, hp casting, extra vitality 1
a: Renounce Religion


You were in the Dungeon.
You worshipped Makhleb.
Makhleb was aware of your devotion.
You visited 1 branch

Inventory:

Hand Weapons
 a - a +0 dagger
 i - the +∞ Axe of Woe (weapon)
   (You found it in the Dungeon)
Armour
 b - a +0 robe (worn)
 c - a +0 hat (worn)
Scrolls
 h - a scroll of blinking
Potions
 d - a potion of curing
 e - a potion of heal wounds
 f - a potion of haste
 g - a potion of berserk rage


   Skills:
 + Level 3.6 Axes
 + Level 10.8 Dodging
 + Level 7.9 Stealth
 + Level 17.3 Spellcasting


You had 18 spell levels left.
You knew the following spells:

 Your Spells              Type           Power      Damage    Failure   Level
a - Magic Dart            Conj           100%       1d8       0%          1
b - Blink                 Tloc           100%       N/A       0%          2
c - Call Imp              Summ           62%        N/A       0%          2
d - Slow                  Hex            100%       N/A       0%          1
e - Conjure Flame         Conj/Fire      62%        6-21      0%          3
f - Mephitic Cloud        Conj/Pois/Air  62%        N/A       0%          3
g - Foxfire               Conj/Fire      100%       2x1d9     0%          1
h - Passwall              Tmut/Erth      51%        N/A       0%          2
i - Ozocubu's Armour      Ice            62%        N/A       0%          3
j - Stone Arrow           Conj/Erth      100%       3d13      0%          3
k - Yara's Violent Unrav  Hex/Tmut       31%        3d13      1%          5
Your spell library was empty.

Dungeon Overview and Level Annotations

Branches:
Dungeon (1/1)

Altars:
Makhleb


Innate Abilities, Weirdness & Mutations

You are immune to sickness and miasma.
You are immune to poison.
Your flesh is very heat resistant. (rF++)
You are vulnerable to cold. (rC-)
You float through the air rather than walking.
You learn spells naturally, not from books.
Your magical power is your life essence.
You have superior vitality. (+4 HP)


Message History

Spell assigned to 'g'.
You have reached level 4!
You feel clever.
You have reached level 5!
The power to cast Passwall wells up from within.
Spell assigned to 'h'.
You have reached level 6!
Your experience leads to an increase in your attributes!
Increase (S)trength, (I)ntelligence, or (D)exterity?
You feel agile.
You have reached level 7!
The power to cast Ozocubu's Armour wells up from within.
Spell assigned to 'i'.
You have reached level 8!
You feel agile.
You have reached level 9!
Your experience leads to an increase in your attributes!
Increase (S)trength, (I)ntelligence, or (D)exterity?
You feel agile.
The power to cast Stone Arrow wells up from within.
Spell assigned to 'j'.
You have reached level 10!
You have reached level 11!
The power to cast Yara's Violent Unravelling wells up from within.
Spell assigned to 'k'.
Unknown command. 2 orcs come into view.
You hear a shout! x10
Unknown command.
The bag of meat shouts! x4
You slash the bag of meat! You chop the bag of meat into pieces.
You kill the bag of meat!
Makhleb accepts your kill.
You can now gain health from killing.
You hear a shout! x10
A large bag of meat comes into view. It is wielding a +9 giant spiked club.
You hear a shout!
A bag of meat comes into view. It is wielding a +9 war axe.
You hear a shout! x4
The bag of meat hits you with a +9 war axe!!
The bag of meat hits you with a +9 war axe!!!
Ouch! That really hurt!
* * * LOW HITPOINT WARNING * * *
You hear a shout! x2
The meat berserker hits you with a +9 battleaxe!!!
Ouch! That really hurt!
You die...

.###.. ...###...
......###.........
....._..........
#.....#....... .
#_.<._#.......
....#.....#......#
......._..........
......###ooO......
o###.....)@###...
#.......#
#....o..#
.........o
....o..oo..
...o.......
.........O##
.o......#.


You could see a large bag of meat (wandering, inner flame), a meat berserker
(berserk) and 9 bags of meat.

Vanquished Creatures
  2 orcs (D)
2 creatures vanquished.

Notes
Turn   | Place    | Note
-------+----------+-------------------------------------------
     0 | D        | Found the +∞ Axe of Woe
     0 | D        | emperorscorpion the Djinni Hedge Wizard began the quest for
                  | the Orb.
     0 | D        | Reached XP level 1. HP: 15/15 MP: 0/0
     2 | D        | Noticed a bag of meat
     4 | D        | Became a worshipper of Makhleb the Destroyer
     4 | D        | Noticed a bag of meat
     4 | D        | Noticed a bag of meat
     5 | D        | Noticed a bag of meat
     5 | D        | Noticed a bag of meat
     8 | D        | Killed a bag of meat
     8 | D        | Noticed a meat berserker
     8 | D        | Noticed a bag of meat
     8 | D        | Noticed a bag of meat
     8 | D        | Noticed a bag of meat
     8 | D        | Noticed a bag of meat
     9 | D        | Reached skill level 10 in Dodging
     9 | D        | Reached skill level 17 in Spellcasting
     9 | D        | Reached XP level 2. HP: 21/21 MP: 0/0
     9 | D        | Reached XP level 3. HP: 25/25 MP: 0/0
     9 | D        | Learned a level 1 spell: Foxfire
     9 | D        | Reached XP level 4. HP: 31/31 MP: 0/0
     9 | D        | Reached XP level 5. HP: 35/35 MP: 0/0
     9 | D        | Learned a level 2 spell: Passwall
     9 | D        | Reached XP level 6. HP: 40/40 MP: 0/0
     9 | D        | Reached XP level 7. HP: 45/45 MP: 0/0
     9 | D        | Learned a level 3 spell: Ozocubu's Armour
     9 | D        | Reached XP level 8. HP: 50/50 MP: 0/0
     9 | D        | Reached XP level 9. HP: 55/55 MP: 0/0
     9 | D        | Learned a level 3 spell: Stone Arrow
     9 | D        | Reached XP level 10. HP: 60/60 MP: 0/0
     9 | D        | Reached XP level 11. HP: 65/65 MP: 0/0
     9 | D        | Learned a level 5 spell: Yara's Violent Unravelling
     9 | D        | Noticed a bag of meat
     9 | D        | Noticed a bag of meat
    10 | D        | Killed a bag of meat
    10 | D        | Reached * piety under Makhleb
    10 | D        | Noticed a large bag of meat
    10 | D        | Noticed a bag of meat
    10 | D        | Annihilated by a meat berserker

Illustrated notes

Levels and vault maps discovered:
D:        meatsprint

Skill      XL: |  1 |
---------------+----+-----
Axes           | 3 |  3.6
Dodging        | 10 | 10.8
Stealth        | 7 |  7.9
Spellcasting   | 17 | 17.3

Action                   |  1- 3 |  4- 6 |  7- 9 | 10-12 || total
-------------------------+-------+-------+-------+-------++-------
Melee: Executioner's axe |     1 |       |       |     1 ||     2

Table legend: (Time is in decaauts)
 A = Elapsed time spent in this place.
 B = Non-inter-level travel time spent in this place.
 C = Inter-level travel time spent in this place.
 D = Time resting spent in this place.
 E = Time spent auto-exploring this place.
 F = Levels seen in this place.
 G = Mean time per level.
                   A        B        C        D        E       F      G
               +--------+--------+--------+--------+--------+-----+--------+
         Total |     10 |     10 |      0 |      0 |      0 |   1 |   10.0 |
       Dungeon |     10 |     10 |      0 |      0 |      0 |   1 |   10.0 |
               +--------+--------+--------+--------+--------+-----+--------+

Top non-repeatable levels by time:
       D: 10 daAuts
